 Dungeon Crawl Stone Soup version 0.29-a0-284-gf9362112df (webtiles) character file.

Game seed: 14834953609086320734

78 olourkin the Slasher (level 4, -2/35 HPs)
             Began as a Palentonga Warper on Mar 29, 2022.
             Slain by a gnoll
             ... wielding a +0 club
              (5 damage)
             ... on level 2 of the Dungeon.
             The game lasted 00:06:23 (1859 turns).

olourkin the Slasher (Palentonga Warper)            Turns: 1859, Time: 00:06:24

Health: -2/35      AC:  4    Str: 14    XL:     4   Next: 15%
Magic:  7/7        EV:  9    Int: 16    God:
Gold:   86         SH:  0    Dex:  9    Spells: 5/7 levels left

rFire   . . .      SeeInvis +   a - +0 falchion
rCold   . . .      Faith    .   (no shield)
rNeg    . . .      Spirit   .   b - +0 leather armour
rPois   .          Reflect  .   (no helmet)
rElec   .          Harm     .   (no cloak)
rCorr   .          Rampage  .   (no gloves)
Will    .....                   (no barding)
Stlth   +.........              (no amulet)
HPRegen 0.11/turn               (no ring)
MPRegen 0.10/turn               (no ring)

@: hasted, very quick
A: large, rugged brown scales 3, see invisible, deformed body, roll 1, armoured
tail
a: Rolling Charge


You were on level 2 of the Dungeon.
You visited 1 branch of the dungeon, and saw 2 of its levels.

You collected 86 gold pieces.

Inventory:

Hand Weapons
 a - a +0 falchion (weapon)
 e - a +0 long sword
Missiles
 d - 7 boomerangs of dispersal
 f - 38 stones (quivered)
Armour
 b - a +0 leather armour (worn)
 j - a +0 chain mail
Magical Staves
 k - a staff of fire
Jewellery
 n - an amulet of reflection
Wands
 q - a wand of flame (6)
Scrolls
 c - a scroll of blinking
 g - a scroll of identify {unknown}
 h - a scroll of silence {unknown}
 i - a scroll of teleportation {unknown}
 l - a scroll of enchant weapon {unknown}
 m - a scroll of amnesia {unknown}
 r - a scroll of immolation {unknown}
Potions
 o - a potion of degeneration {unknown}
 s - a potion of curing {unknown}


   Skills:
 - Level 2.0 Fighting
 + Level 4.4 Long Blades
 - Level 0.6 Throwing
 - Level 0.7 Armour
 - Level 1.5 Dodging
 - Level 2.0 Spellcasting
 - Level 3.0 Translocations


You had 5 spell levels left.
You knew the following spells:

 Your Spells              Type           Power      Damage    Failure   Level
b - Blink                 Tloc           22%        N/A       12%         2

Your spell library contained the following spells:

 Spells                   Type           Power      Damage    Failure   Level
 Gell's Gravitas          Tloc           11%        N/A       22%         3
 Lesser Beckoning         Tloc           11%        N/A       22%         3
 Teleport Other           Tloc           11%        N/A       22%         3
 Manifold Assault         Tloc           11%        N/A       91%         5
 Summon Lightning Spire   Summ/Air       1%         N/A       95%         4
 Storm Form               Tmut/Air       0%         N/A       100%        7
 Maxwell's Capacitive Co  Air            0%         ∞         100%        8


Dungeon Overview and Level Annotations

Branches:
Dungeon (2/15)

Altars:


Innate Abilities, Weirdness & Mutations

You are completely covered in rugged brown scales. (AC +3, +7% HP)
You have supernaturally acute eyesight. (SInv)
Armour fits poorly on your strangely shaped body.
You can roll at nearby foes to attack.
You have a long armoured tail.


Message History

You roll forward with a clatter of scales!
You completely miss the gnoll. You tail-slap the gnoll!
The gnoll is severely wounded.
You hear a shout!
The gnoll hits you but does no damage.
A gnoll comes into view. It is wielding a +0 club.
A gnoll comes into view. It is wielding a +0 spear.
The gnoll attacks as you move away! The gnoll completely misses you.
You hit the gnoll but do no damage.
The gnoll is severely wounded.
The gnoll hits you but does no damage.
You hit the gnoll.
Your tail-slap misses the gnoll.
The gnoll is almost dead.
The gnoll closely misses you.
You hit the gnoll.
The gnoll is almost dead.
The gnoll hits you with a +0 whip. The gnoll attacks as you move away!
The gnoll closely misses you.
You hit the gnoll.
You kill the gnoll!
The gnoll hits you from afar with a +0 spear.
You hit the gnoll.
The gnoll is moderately wounded.
The gnoll hits you with a +0 club.
The gnoll hits you from afar with a +0 spear.
* * * LOW HITPOINT WARNING * * *
The gnoll attacks as you move away! The gnoll closely misses you.
You see here a +0 short sword.
There is a faded altar of an unknown god here.
The gnoll attacks as you move away! The gnoll hits you with a +0 club.
* * * LOW HITPOINT WARNING * * *
The gnoll attacks as you move away! The gnoll barely misses you.
A gnoll comes into view. It is wielding a +0 halberd.
The gnoll attacks as you move away! The gnoll hits you with a +0 club.
* * * LOW HITPOINT WARNING * * *
The gnoll attacks as you move away! The gnoll hits you with a +0 club.
* * * LOW HITPOINT WARNING * * *
It was a potion of haste.
You feel yourself speed up. The gnoll hits you with a +0 club.
You die...

##......#.............###...##
...(...g#...#######.#..#..'..##
#.......#...#######.#....#'#..##
#......##.....#.....>...##.##..##
#...##_#..#)#.#.....#..##.⌠.##..#
..#...)........g..###.##.....##..
...............#g###.##...+...##.
####..)#.#.....#g# #.#...#+#...#.
####.........#@# #.'⌠.##.##.⌠+.
#..............###.#.##...##.#.
#..##.............#.###.....###.
#.##................##....<..##.
#.............).....#.........#.
#.g.#...#..............###......
..g....###.........[...## #######
.......# #.............##
...##### ###.##.........#


You could see 3 gnolls.

Vanquished Creatures
  A gnoll (D:2)
  2 adders (D:2)
  6 ball pythons
  2 bats
  5 endoplasms
  2 giant cockroaches (D:1)
  6 goblins
  2 hobgoblins (D:1)
  2 jackals (D:2)
  2 quokkas
  3 frilled lizards
  5 kobolds
  7 rats
45 creatures vanquished.

Notes
Turn   | Place    | Note
-------+----------+-------------------------------------------
     0 | D:1      | olourkin the Palentonga Warper began the quest for the Orb.
     0 | D:1      | Reached XP level 1. HP: 17/17 MP: 3/3
   169 | D:1      | Reached XP level 2. HP: 7/23 MP: 5/5
   445 | D:1      | Learned a level 2 spell: Blink
   593 | D:1      | Reached skill level 3 in Long Blades
  1115 | D:2      | Reached XP level 3. HP: 28/28 MP: 6/6
  1353 | D:2      | Found a faded altar of an unknown god.
  1395 | D:2      | Reached skill level 4 in Long Blades
  1787 | D:2      | Reached XP level 4. HP: 28/35 MP: 7/7
  1859 | D:2      | Slain by a gnoll

Illustrated notes

Levels and vault maps discovered:
D:1:      amcnicky_arrival_gap_in_the_tavern_cellar, layout_basic,
          lemuel_old_faithful
D:2:      layout_rooms, basic_ecumenical_altar, hangedman_decor_growths,
          grunt_decor_arrowhead, grunt_decor_cap

Skill      XL: |  1  2  3 |
---------------+----------+-----
Long Blades    | 3 4 |  4.4
Fighting       | |  2.0
Throwing       | |  0.6
Armour         | |  0.7
Dodging        | |  1.5
Spellcasting   | |  2.0
Translocations | |  3.0

Action                   |  1- 3 |  4- 6 || total
-------------------------+-------+-------++-------
Melee: Falchion          |   116 |     6 ||   122
       Tailslap          |    10 |     1 ||    11
       Long sword        |     3 |       ||     3
Throw: Stone             |     1 |       ||     1
 Abil: Rolling Charge    |    17 |     1 ||    18
  Use: Potion            |       |     1 ||     1
Armor: Leather armour    |    48 |     2 ||    50
Dodge: Dodged            |    48 |     5 ||    53

Table legend: (Time is in decaauts)
 A = Elapsed time spent in this place.
 B = Non-inter-level travel time spent in this place.
 C = Inter-level travel time spent in this place.
 D = Time resting spent in this place.
 E = Time spent auto-exploring this place.
 F = Levels seen in this place.
 G = Mean time per level.
                   A        B        C        D        E       F      G
               +--------+--------+--------+--------+--------+-----+--------+
         Total |   1875 |   1860 |     15 |    705 |    768 |   2 |  937.5 |
       Dungeon |   1875 |   1860 |     15 |    705 |    768 |   2 |  937.5 |
               +--------+--------+--------+--------+--------+-----+--------+

Top non-repeatable levels by time:
     D:1: 1122 daAuts
     D:2: 753 daAuts
